 Dungeon Crawl Stone Soup version 0.26-a0-1120-ga1b6d6fda9 (webtiles) character file.

Game seed: 8938386540824615625

128 Adamkad1 the Shield-Bearer (level 5, 0/42 HPs)
             Began as a Formicid Fighter on Dec 17, 2020.
             Slain by Grinder (5 damage)
             ... on level 3 of the Dungeon.
             The game lasted 00:02:25 (2377 turns).

Adamkad1 the Shield-Bearer (Formicid Fighter)       Turns: 2377, Time: 00:02:25

Health: 0/42       AC:  7    Str: 21    XL:     5   Next: 33%
Magic:  5/5        EV:  8    Int:  8    God:
Gold:   102        SH:  9    Dex: 10    Spells: 4/4 levels left

rFire    . . .     SeeInvis +   a - +0 quarterstaff
rCold    . . .     Faith    .   c - +0 kite shield
rNeg     . . .     Spirit   .   b - +0 scale mail
rPois    .         Reflect  .   (helmet unavailable)
rElec    .         Harm     .   (no cloak)
rCorr    .         Rampage  .   (no gloves)
Will     .....                  (no boots)
Stlth    ..........             (no amulet)
HPRegen  0.14/turn              (no ring)
MPRegen  0.09/turn              (no ring)

@: no status effects
A: permanent stasis, dig shafts and tunnels, four strong arms, antennae 3
a: Dig, Shaft Self


You were on level 3 of the Dungeon.
You visited 1 branch of the dungeon, and saw 3 of its levels.

You collected 102 gold pieces.

Inventory:

Hand Weapons
 a - a +0 quarterstaff (weapon)
Armour
 b - a +0 scale mail (worn)
 c - a +0 kite shield (worn)
Scrolls
 f - a scroll of remove curse {unknown}
 h - 5 scrolls of teleportation {unknown}
 i - 2 scrolls of identify {unknown}
 j - a scroll of random uselessness {unknown}
 k - a scroll of noise {unknown}
 l - a scroll of enchant armour {unknown}
Potions
 d - a potion of might


   Skills:
 + Level 3.9 Fighting
 * Level 3.3 Staves
 + Level 3.9 Armour
 * Level 4.9 Shields


You had 4 spell levels left.
You didn't know any spells.
Your spell library was empty.

Dungeon Overview and Level Annotations

Branches:
Dungeon (3/15)

Altars:

Annotations:
D:3 Grinder


Innate Abilities, Weirdness & Mutations

You cannot be hasted, slowed, berserked, paralysed or teleported.
You can dig through walls and to a lower floor.
Your four strong arms can wield two-handed weapons with a shield.
You have a pair of large antennae on your head. (SInv)


Message History

You see here a stone.
Grinder gestures at you. You resist with significant effort.
Grinder gestures at you. Pain shoots through your body!
You barely miss Grinder.
Grinder is almost dead.
Grinder says, "FISH!"
Grinder hits you but does no damage.
You barely miss Grinder.
Grinder is almost dead.
Grinder gestures at you. Pain shoots through your body!
* * * LOW HITPOINT WARNING * * *
You closely miss Grinder.
Grinder is almost dead.
Grinder hits you.
* * * LOW HITPOINT WARNING * * *
You writhe in agony.
You die...

### #.. ###### #.# .
..... #.#
#.#####..##.#######.###
......?..(.<(..(.......
......###.#########..#.
#...@.....#..
...[..5###.#.#.#
#.!..## ##...#.# #.#.
#....#.# #.. #.#....#
## #.##..(#####
#......#...#
####...#...#
###...'.<.#


You could see Grinder.

Vanquished Creatures
  5 adders (D:2)
  An ooze (D:3)
  A worm (D:2)
  5 dart slugs
  4 leopard geckos
  4 giant cockroaches
  7 goblins
  8 hobgoblins
  4 jackals (D:2)
  4 kobolds
  2 quokkas (D:2)
  6 bats
  3 frilled lizards
  6 rats
60 creatures vanquished.

Notes
Turn   | Place    | Note
-------+----------+-------------------------------------------
     0 | D:1      | Adamkad1 the Formicid Fighter began the quest for the Orb.
     0 | D:1      | Reached XP level 1. HP: 18/18 MP: 1/1
   157 | D:1      | Reached XP level 2. HP: 24/24 MP: 2/2
   304 | D:1      | Reached skill level 4 in Shields
   356 | D:1      | Reached XP level 3. HP: 25/29 MP: 3/3
   751 | D:1      | You fall into a shaft and drop 1 floor!
   760 | D:2      | Reached XP level 4. HP: 36/36 MP: 4/4
  1617 | D:2      | Reached XP level 5. HP: 38/42 MP: 5/5
  1979 | D:3      | Noticed Grinder
  1998 | D:3      | HP: 2/42 [Grinder (3)]
  2377 | D:3      | Slain by Grinder

Illustrated notes

Levels and vault maps discovered:
D:1:      doesnt_arrival_eight_statues, layout_basic
D:2:      kb_forest_paths, layout_rooms, minmay_misc_feat_columns
D:3:      layout_basic, led_sif_pool, uniq_grinder, uniq_sigmund

Skill      XL: |  1  2  3  4 |
---------------+-------------+-----
Shields        | 4 |  4.9
Staves         | 3 |  3.3
Fighting       | |  3.9
Armour         | |  3.9

Action                   |  1- 3 |  4- 6 || total
-------------------------+-------+-------++-------
Melee: Quarterstaff      |    73 |   157 ||   230
  Use: Potion            |       |     3 ||     3
Armor: Scale mail        |    21 |    57 ||    78
Dodge: Dodged            |    21 |    51 ||    72
Block: Kite shield       |    40 |    77 ||   117

Table legend: (Time is in decaauts)
 A = Elapsed time spent in this place.
 B = Non-inter-level travel time spent in this place.
 C = Inter-level travel time spent in this place.
 D = Time resting spent in this place.
 E = Time spent auto-exploring this place.
 F = Levels seen in this place.
 G = Mean time per level.
                   A        B        C        D        E       F      G
               +--------+--------+--------+--------+--------+-----+--------+
         Total |   2426 |   2407 |     19 |    379 |   1559 |   3 |  808.7 |
       Dungeon |   2426 |   2407 |     19 |    379 |   1559 |   3 |  808.7 |
               +--------+--------+--------+--------+--------+-----+--------+

Top non-repeatable levels by time:
     D:2: 1246 daAuts
     D:1: 1109 daAuts
     D:3: 69 daAuts
